[Event "56th Biel Festival MTO 2023"]
[White "Abdulrahman Mohammad,Al Taher"]
[Black "Malli,Suvirr"]
[Site "Biel"]
[Round "8.37"]
[Annotator "ChessBase"]
[Result "1-0"]
[Date "2023.07.26"]
[WhiteElo "2258"]
[BlackElo "2094"]
[PlyCount "193"]
[TimeControl "60"]

1. d4 d5 2. c4 c6 3. cxd5 cxd5 4. Bg5 Nc6 5. Nc3 Nf6 6. Bxf6 gxf6 7. e3 Bg7 8. Bd3 e5 9. Qb3 Ne7 10. Nge2 h5 11. Rd1 e4 12. Bb5+ Kf8 13. Nf4 Be6 14. O-O h4 15. Be2 b6 16. f3 exf3 17. Bxf3 Bh6 18. Nxe6+ fxe6 19. e4 Rc8 20. exd5 Nf5 21. dxe6 Be3+ 22. Rf2 Bxf2+ 23. Kxf2 Qd6 24. Qb5 Qf4 25. Qd7 Rc7 26. Nd5 Rxd7 27. Nxf4 Rg7 28. Be4 Nd6 29. Ng6+ Kg8 30. Nxh8 Nxe4+ 31. Ke3 Nd6 32. Nf7 Nxf7 33. exf7+ Kxf7 34. Rd2 Ke6 35. d5+ Kd6 36. Kf4 Rg5 37. a3 a5 38. a4 Re5 39. b3 Rg5 40. Ke4 Rh5 41. Kf3 Re5 42. Rd3 Rg5 43. Rd4 Rf5+ 44. Kg4 Rf2 45. g3 f5+ 46. Kxh4 Rxh2+ 47. Kg5 Rg2 48. Kf4 Rf2+ 49. Ke3 Rb2 50. Rd3 Rg2 51. Kd4 Re2 52. Kc4 Kc7 53. d6+ Kc6 54. d7 Rc2+ 55. Kd4 Kxd7 56. Ke5+ Ke7 57. Kxf5 Rc5+ 58. Ke4 Ke6 59. Re3 Rd5 60. Rc3 Rd6 61. Rd3 Rc6 62. Rd5 Rc3 63. Rb5 Rxg3 64. Rxb6+ Kd7 65. Kd4 Kc7 66. Rb5 Kc6 67. Kc4 Rg4+ 68. Kc3 Rg3+ 69. Kb2 Rg2+ 70. Ka3 Rg4 71. Rxa5 Kb6 72. Rh5 Rf4 73. Rh3 Rg4 74. b4 Rg6 75. a5+ Kb5 76. Rh5+ Ka6 77. Ka4 Rg4 78. Rh6+ Ka7 79. Rc6 Rh4 80. Kb5 Rh7 81. a6 Rh5+ 82. Rc5 Rh6 83. Rc7+ Kb8 84. Rc6 Rh7 85. Kb6 Rb7+ 86. Ka5 Rh7 87. b5 Rh5 88. Kb6 Rh8 89. Rc5 Rh6+ 90. Ka5 Rh1 91. b6 Ra1+ 92. Kb5 Rb1+ 93. Kc6 Ra1 94. a7+ Ka8 95. b7+ Kxa7 96. Kc7 Rb1 97. Ra5# 1-0

[Event "56th Biel Festival MTO 2023"]
[White "Collin,Moritz Valentin"]
[Black "Toktomushev,Teimur"]
[Site "Biel"]
[Round "8.38"]
[Annotator "ChessBase"]
[Result "1-0"]
[Date "2023.07.26"]
[WhiteElo "2132"]
[BlackElo "2206"]
[PlyCount "79"]
[TimeControl "60"]

1. d4 d5 2. c4 e6 3. Nc3 Nf6 4. cxd5 exd5 5. Bg5 Be7 6. e3 h6 7. Bh4 Bg4 8. Qc2 O-O 9. Bd3 Nbd7 10. f3 Be6 11. Nge2 c5 12. O-O Re8 13. Rad1 Rc8 14. Kh1 Qa5 15. a3 Ng4 16. Bf2 Nxf2+ 17. Rxf2 Nb6 18. Nc1 c4 19. Bh7+ Kh8 20. N1e2 g6 21. Bxg6 fxg6 22. Qxg6 Bf8 23. Nf4 Bd7 24. g4 Rc6 25. Qf7 Bg7 26. g5 Rf8 27. Ng6+ Rxg6 28. Qxg6 Be8 29. Qe6 Bf7 30. Qf5 Bg8 31. Qh3 Nc8 32. gxh6 Bf6 33. e4 Qd8 34. e5 Bg5 35. f4 Rxf4 36. Rxf4 Bxf4 37. Rf1 Qg5 38. h7 Bf7 39. Qxc8+ Kxh7 40. Qd7 1-0

[Event "56th Biel Festival MTO 2023"]
[White "Vincenti,Leonardo"]
[Black "Ludwig,Peter"]
[Site "Biel"]
[Round "8.39"]
[Annotator "ChessBase"]
[Result "1-0"]
[Date "2023.07.26"]
[WhiteElo "2117"]
[BlackElo "2147"]
[PlyCount "109"]
[TimeControl "60"]

1. e4 e6 2. d4 d5 3. Nd2 c5 4. Ngf3 cxd4 5. Nxd4 Nc6 6. Bb5 Bd7 7. Nxc6 bxc6 8. Bd3 Qc7 9. Qe2 Ne7 10. c4 Ng6 11. O-O Nf4 12. Qe3 Nxd3 13. Qxd3 Bd6 14. h3 O-O 15. Rd1 Rfd8 16. Nb3 Bh2+ 17. Kh1 Be5 18. Bd2 Bxb2 19. Rab1 Bf6 20. Ba5 Qf4 21. Bxd8 Rxd8 22. Qe3 Qh4 23. cxd5 exd5 24. exd5 Bg5 25. Qf3 cxd5 26. Rxd5 Be6 27. Rxd8+ Bxd8 28. Rd1 Kf8 29. Qa8 Ke8 30. Nc5 Bxh3 31. Kg1 Bg4 32. Re1+ Be6 33. Qc6+ Kf8 34. Nxe6+ fxe6 35. Qxe6 Be7 36. Re3 Qb4 37. Rb3 Qd6 38. Qxd6 Bxd6 39. Rb7 Bc5 40. Kf1 h6 41. Ke2 Kg8 42. a4 Kh7 43. a5 Kg6 44. f3 Kf6 45. Kd3 h5 46. Kc4 Be3 47. Kb5 g5 48. Ka6 Kf5 49. Rf7+ Ke5 50. Rxa7 Kf4 51. Re7 Bf2 52. Rh7 h4 53. Rg7 Be3 54. Re7 Bf2 55. Re4+ 1-0

[Event "56th Biel Festival MTO 2023"]
[White "Ehsani,Yassamin"]
[Black "Misiano,Franco"]
[Site "Biel"]
[Round "8.40"]
[Annotator "ChessBase"]
[Result "1-0"]
[Date "2023.07.26"]
[WhiteElo "2106"]
[BlackElo "2133"]
[PlyCount "101"]
[TimeControl "60"]

1. d4 d5 2. c4 c6 3. Nc3 Nf6 4. e3 e6 5. Nf3 Nbd7 6. Be2 Bd6 7. O-O O-O 8. Qc2 b6 9. e4 dxe4 10. Nxe4 Nxe4 11. Qxe4 Bb7 12. b4 Nf6 13. Qc2 c5 14. dxc5 bxc5 15. b5 Qc7 16. h3 Rad8 17. Bb2 Ne4 18. Bd3 f5 19. Bxe4 Bxe4 20. Qc3 h6 21. Ne5 Bxe5 22. Qxe5 Qxe5 23. Bxe5 Bd3 24. Rfc1 f4 25. a4 Rf5 26. Bc7 Rd7 27. Rd1 Rff7 28. a5 Bxc4 29. Rxd7 Rxd7 30. b6 axb6 31. axb6 Bd5 32. Rd1 Re7 33. Rxd5 exd5 34. b7 Re1+ 35. Kh2 Rb1 36. b8=Q+ Rxb8 37. Bxb8 g5 38. Ba7 c4 39. Bd4 Kf7 40. f3 Ke6 41. Kg1 h5 42. Kf2 Kf5 43. Ke2 g4 44. h4 Ke6 45. Kd2 gxf3 46. gxf3 Kd6 47. Kc3 Kc6 48. Kb4 Kd6 49. Kb5 Kd7 50. Kc5 Ke6 51. Kc6 1-0

[Event "56th Biel Festival MTO 2023"]
[White "Hornung,Hans"]
[Black "Ribiere,Damien"]
[Site "Biel"]
[Round "8.41"]
[Annotator "ChessBase"]
[Result "0-1"]
[Date "2023.07.26"]
[WhiteElo "2047"]
[BlackElo "2213"]
[PlyCount "76"]
[TimeControl "60"]

1. e4 e5 2. Nf3 Nc6 3. Bc4 Nf6 4. d3 h6 5. O-O d6 6. c3 g6 7. d4 Bg4 8. Qb3 Na5 9. Qa4+ c6 10. Be2 b5 11. Qc2 Bxf3 12. Bxf3 Bg7 13. dxe5 dxe5 14. Rd1 Qc7 15. a4 O-O 16. Na3 a6 17. b4 Nb7 18. Be3 Rfc8 19. h3 h5 20. g4 hxg4 21. hxg4 Qe7 22. Qe2 Nh7 23. Nc2 Nd8 24. c4 bxc4 25. Qxc4 Ne6 26. Bg2 Qh4 27. f3 Nhg5 28. Bf2 Nh3+ 29. Bxh3 Qxh3 30. Ne1 Nd4 31. Bxd4 exd4 32. Rd3 Qg3+ 33. Ng2 a5 34. bxa5 Rxa5 35. Rb1 Ra7 36. Rbb3 c5 37. Rb5 Rca8 38. Qxc5 Rxa4 0-1

[Event "56th Biel Festival MTO 2023"]
[White "Stijve,Niels"]
[Black "Perkampus,Laurin"]
[Site "Biel"]
[Round "8.42"]
[Annotator "ChessBase"]
[Result "1/2-1/2"]
[Date "2023.07.26"]
[WhiteElo "2088"]
[BlackElo "2197"]
[PlyCount "154"]
[TimeControl "60"]

1. e4 c6 2. Nf3 d5 3. Nc3 Bg4 4. h3 Bxf3 5. Qxf3 e6 6. d4 Nf6 7. exd5 cxd5 8. Bf4 a6 9. g4 Bd6 10. g5 Bxf4 11. Qxf4 Nfd7 12. Bd3 Nc6 13. O-O h6 14. gxh6 Rxh6 15. Rae1 Kf8 16. Re3 e5 17. dxe5 g5 18. Qf5 d4 19. e6 Rf6 20. exd7 dxe3 21. Qh7 exf2+ 22. Kg2 Ne7 23. Ne4 Rg6 24. Rxf2 Rg7 25. Qh8+ Ng8 26. Nf6 Qb6 27. Nh7+ Rxh7 28. Qxh7 Qc6+ 29. Be4 Qxd7 30. c4 Re8 31. Bd5 Re7 32. Qg6 Re2 33. Qxg5 Rxf2+ 34. Kxf2 Qxh3 35. Qd8+ Kg7 36. Qg5+ Kf8 37. Bxb7 Qd3 38. Qc5+ Ne7 39. Qb4 Qc2+ 40. Kf3 Qd3+ 41. Kf2 Qc2+ 42. Ke3 Qc1+ 43. Kd3 Qb1+ 44. Kc3 Qxa2 45. Qd6 Qa5+ 46. Kb3 Ke8 47. Bxa6 Nf5 48. Qb8+ Ke7 49. Qb4+ Qxb4+ 50. Kxb4 Kd6 51. Kb5 Kc7 52. Kc5 Ng7 53. Bb5 Ne6+ 54. Kd5 Nf4+ 55. Ke4 Ne6 56. Ke5 Nc5 57. Kd4 Ne6+ 58. Kd3 Kd6 59. Be8 f5 60. b4 Nf4+ 61. Ke3 Ne6 62. Bf7 f4+ 63. Kd3 Nc7 64. Bh5 Na6 65. Kc3 Nc7 66. Bf3 Ne6 67. Bd5 Nc7 68. Bb7 Ne6 69. Kd3 Ke5 70. Bd5 Nd4 71. Bb7 f3 72. c5 f2 73. Bg2 Nb3 74. Ke3 Nxc5 75. bxc5 f1=Q 76. Bxf1 Kd5 77. c6 Kxc6 1/2-1/2

[Event "56th Biel Festival MTO 2023"]
[White "Coles,Robin"]
[Black "Ozcan,Kaan"]
[Site "Biel"]
[Round "8.43"]
[Annotator "ChessBase"]
[Result "1/2-1/2"]
[Date "2023.07.26"]
[WhiteElo "2070"]
[BlackElo "2196"]
[PlyCount "107"]
[TimeControl "60"]

1. e4 c5 2. Nf3 e6 3. g3 Nc6 4. Bg2 Nf6 5. Qe2 e5 6. O-O Be7 7. c3 O-O 8. Na3 Re8 9. d3 h6 10. Nc4 Bf8 11. Ne3 d5 12. exd5 Nxd5 13. Rd1 Nf4 14. gxf4 exf4 15. Qf1 fxe3 16. fxe3 Bg4 17. e4 Qf6 18. Re1 Bd6 19. Be3 Ne5 20. Nd2 Qg6 21. d4 cxd4 22. cxd4 Nc6 23. e5 Bb4 24. Qf2 Rad8 25. Kh1 Bxd2 26. Bxd2 Nxd4 27. Bc3 Ne6 28. Bxb7 Qh5 29. Re3 Ng5 30. Qg3 Re7 31. Bg2 Red7 32. Rae1 Be6 33. a3 Rc8 34. Rd3 Rxd3 35. Qxd3 Rc4 36. Bd4 Rc7 37. Bf2 Rd7 38. Qg3 a5 39. b4 axb4 40. axb4 Bc4 41. Qh4 Qxh4 42. Bxh4 Ne6 43. Rc1 g5 44. Bg3 Bb5 45. Bf1 Bxf1 46. Rxf1 Rb7 47. Rb1 Rb5 48. Be1 Nd4 49. Bc3 Nc6 50. Re1 Kf8 51. e6 fxe6 52. Rxe6 Nxb4 53. Bxb4+ Rxb4 54. Rxh6 1/2-1/2

[Event "56th Biel Festival MTO 2023"]
[White "Jaivardhan Raj"]
[Black "Foerster-Yialamas,Lucas"]
[Site "Biel"]
[Round "8.44"]
[Annotator "ChessBase"]
[Result "0-1"]
[Date "2023.07.26"]
[WhiteElo "2009"]
[BlackElo "2157"]
[PlyCount "54"]
[TimeControl "60"]

1. e4 e5 2. d4 exd4 3. Qxd4 Nc6 4. Qe3 Nf6 5. Nc3 Bb4 6. Bd2 O-O 7. O-O-O Re8 8. f3 d5 9. Qf2 dxe4 10. Bg5 Bd7 11. Nd5 e3 12. Qh4 Bd2+ 13. Kb1 Bf5 14. Nxf6+ gxf6 15. Bxf6 Qd6 16. Qh6 Qf8 17. Qg5+ Bg6 18. f4 Re6 19. Bc4 h6 20. Qh4 Qc5 21. Bb3 Na5 22. Ka1 Nxb3+ 23. cxb3 Ra6 24. f5 Qxf5 25. Be7 Qb5 26. Nf3 Qxb3 27. a3 Bc3 0-1

[Event "56th Biel Festival MTO 2023"]
[White "Jaksland,Tim"]
[Black "Rotunno,Flavio"]
[Site "Biel"]
[Round "8.45"]
[Annotator "ChessBase"]
[Result "1/2-1/2"]
[Date "2023.07.26"]
[WhiteElo "2136"]
[BlackElo "2005"]
[PlyCount "71"]
[TimeControl "60"]

1. e4 c5 2. Nf3 e6 3. b3 a6 4. Bb2 Nc6 5. g3 d5 6. exd5 exd5 7. Qe2+ Qe7 8. Qxe7+ Ngxe7 9. Bg2 Nb4 10. Na3 Bf5 11. O-O Nxc2 12. Nxc2 Bxc2 13. Rfc1 Be4 14. d3 Bxd3 15. Rxc5 Be4 16. Rc7 Rb8 17. Rac1 Nc6 18. Ne5 Nxe5 19. Bxe5 f6 20. Bd4 Ba3 21. Rc8+ Kf7 22. R1c7+ Kg6 23. Rxh8 Rxh8 24. Rxb7 Rc8 25. Bxe4+ dxe4 26. Rb6 a5 27. Rb5 Bb4 28. a3 Rc1+ 29. Kg2 Bd2 30. Rc5 Rb1 31. Rc2 Bc1 32. Bc5 Kf7 33. b4 Bxa3 34. bxa5 Bxc5 35. Rxc5 Ra1 36. Rb5 1/2-1/2

[Event "56th Biel Festival MTO 2023"]
[White "Giacomini,Hector"]
[Black "Erne,Raphael"]
[Site "Biel"]
[Round "8.46"]
[Annotator "ChessBase"]
[Result "1/2-1/2"]
[Date "2023.07.26"]
[WhiteElo "2126"]
[BlackElo "2077"]
[PlyCount "52"]
[TimeControl "60"]

1. Nf3 Nf6 2. e3 d5 3. d4 Bg4 4. Nbd2 e6 5. c4 c6 6. Bd3 Bd6 7. Qc2 Nbd7 8. O-O O-O 9. b3 Bxf3 10. Nxf3 dxc4 11. Bxc4 e5 12. dxe5 Nxe5 13. Be2 Nfg4 14. g3 Nxf3+ 15. Bxf3 Be5 16. Bb2 Bxb2 17. Qxb2 Qf6 18. Qxf6 Nxf6 19. Rfd1 Rfd8 20. Kf1 Kf8 21. Ke2 Ke7 22. Bg2 Rxd1 23. Rxd1 Rd8 24. Rxd8 Kxd8 25. f4 Ke7 26. Kd3 Ne8 1/2-1/2

[Event "56th Biel Festival MTO 2023"]
[White "Schnell,Simon"]
[Black "Papaux,Steve"]
[Site "Biel"]
[Round "8.47"]
[Annotator "ChessBase"]
[Result "0-1"]
[Date "2023.07.26"]
[WhiteElo "2029"]
[BlackElo "2064"]
[PlyCount "90"]
[TimeControl "60"]

1. d4 d5 2. c4 c6 3. Nc3 Nf6 4. Nf3 dxc4 5. a4 Bf5 6. Nh4 Bg6 7. Nxg6 hxg6 8. e4 e5 9. Be3 Bb4 10. Bxc4 O-O 11. O-O Bxc3 12. bxc3 Nxe4 13. Qc2 Nd6 14. Bb3 Nf5 15. dxe5 Qe7 16. e6 fxe6 17. Rfe1 Na6 18. Bd4 Nc7 19. Be5 Nd5 20. Qe2 Qg5 21. g3 Kh7 22. f4 Qe7 23. c4 Nb4 24. Red1 Rfd8 25. Kh1 Qc5 26. Bc3 Nd5 27. Qe5 Rh8 28. Rd3 Qb6 29. cxd5 exd5 30. Be1 Rae8 31. Qc3 Re2 32. Ra2 d4 33. Qb4 c5 34. Rxe2 cxb4 35. Re6 Qc5 36. Rf3 Ne3 37. g4 Nxg4 38. Rh3+ Nh6 39. Bd2 Qf5 40. Rg3 Rc8 41. Kg2 Rc2 42. Re2 d3 43. Rf2 Rb2 44. Bd1 Qd5+ 45. Bf3 Qa2 0-1

[Event "56th Biel Festival MTO 2023"]
[White "Bu,Xiangzhi"]
[Black "Pranav Anand"]
[Site "Biel"]
[Round "9.1"]
[Annotator "RC"]
[Result "1-0"]
[Date "2023.07.27"]
[WhiteElo "2676"]
[BlackElo "2510"]
[PlyCount "87"]
[TimeControl "60"]

1. d4 Nf6 2. c4 e6 3. Nc3 Bb4 4. e3 O-O 5. Bd3 d5 6. a3 Bxc3+ 7. bxc3 dxc4 8. Bxc4 c5 9. Ne2 Qc7 10. Bd3 Nc6 11. f4 b6 12. O-O Ne7 13. Ng3 Nf5 14. Qe2 cxd4 15. cxd4 Bb7 16. Nxf5 exf5 17. Bxf5 Rfe8 18. Bd2 Rad8 19. Qd3 Bd5 20. Rfc1 Qb7 21. Bh3 h5 22. a4 a6 23. Qe2 Be6 24. Bxe6 Rxe6 25. Qf3 Qd5 26. a5 b5 27. f5 Re7 28. Qxd5 Nxd5 29. Kf2 Rd6 30. Rc8+ Kh7 31. Kf3 g5 32. h3 Rf6 33. g4 hxg4+ 34. hxg4 Rh6 35. Re1 Rh2 36. Re2 Rh3+ 37. Kg2 Rh4 38. e4 b4 39. Kg3 Nf6 40. e5 b3 41. Rb8 Rxg4+ 42. Kf3 Rh4 43. Bxg5 Rh5 44. Rh8+ 1-0

[Event "56th Biel Festival MTO 2023"]
[White "Aryan Chopra"]
[Black "Samant Aditya S"]
[Site "Biel"]
[Round "9.2"]
[Annotator "TA"]
[Result "1-0"]
[Date "2023.07.27"]
[WhiteElo "2626"]
[BlackElo "2510"]
[PlyCount "62"]
[TimeControl "60"]

1. e4 c5 2. Nf3 d6 3. d4 cxd4 4. Nxd4 Nf6 5. Nc3 Nc6 6. Bg5 e6 7. Qd2 a6 8. O-O-O Bd7 9. f4 b5 10. Bxf6 gxf6 11. Kb1 Qb6 12. f5 {[%emt 0:2:17] B67: Sicilian: Richter-Rauzer: 7...a6 8 0-0-0 Bd7, lines without 9 f4 Be7.} (12. Nf3 $14 )Qxd4 $11 13. Qxd4 Nxd4 14. Rxd4 {[%emt 0:0:2] The position is equal.} Rb8 15. Be2 {[%emt 0:22:2] [#]} Rb6 $146 ({Predecessor:} 15... Ke7 16. Bg4 Bh6 17. Ne2 Bc6 18. Rhd1 Rhd8 19. Bf3 a5 20. b3 Rbc8 21. R4d3 b4 {0-1 Schroeder,K (1697)-Schmidt,J (1906) Hamburg Junge op 2005 (4)} )16. a4 Bh6 17. axb5 axb5 {[%emt 0:3:1] [#]} 18. Bxb5 $1 Bxb5 19. Rb4 $1 Kd7 {[%emt 0:4:13] White must now prevent ...Rhb8.} 20. Rxb5 Rxb5 21. Nxb5 $14 {[%emt 0:0:5][%mdl 4096] Endgame KRB-KRN} Bf4 22. Nd4 h5 (22... Rg8 $14 )23. Nf3 h4 (23... exf5 $142 24. exf5 Re8 )24. Re1 Rh5 25. c3 Be5 26. fxe6+ fxe6 27. Kc2 Rh8 {[%emt 0:0:30] White is better.} 28. Kd3 Rg8 29. Re2 ({Resist} 29. Nxh4 $6 Bxh2 30. Re2 Bg1 $14 )Ra8 30. h3 Bg3 31. Nd4 Kc7 $2 {[%emt 0:1:35] Weighted Error Value: White=0.06 (flawless) /Black=0.10 (very precise)} (31... Be5 $16 32. Nf3 Bg3 )1-0

[Event "56th Biel Festival MTO 2023"]
[White "Liu,Yan"]
[Black "Peng,Xiongjian"]
[Site "Biel"]
[Round "9.3"]
[Annotator "ChessBase"]
[Result "1/2-1/2"]
[Date "2023.07.27"]
[WhiteElo "2542"]
[BlackElo "2489"]
[PlyCount "31"]
[TimeControl "60"]

1. d4 Nf6 2. c4 e6 3. Nf3 b6 4. g3 Bb7 5. Bg2 Be7 6. O-O O-O 7. Nc3 Ne4 8. Qc2 Nxc3 9. Qxc3 Bf6 10. b3 c5 11. Bb2 cxd4 12. Nxd4 Bxg2 13. Kxg2 Nc6 14. Qd3 Bxd4 15. Bxd4 d5 16. Bb2 1/2-1/2

[Event "56th Biel Festival MTO 2023"]
[White "Rathanvel,V S"]
[Black "Vantika Agrawal"]
[Site "Biel"]
[Round "9.4"]
[Annotator "ChessBase"]
[Result "1/2-1/2"]
[Date "2023.07.27"]
[WhiteElo "2463"]
[BlackElo "2428"]
[PlyCount "33"]
[TimeControl "60"]

1. e4 c5 2. Nf3 d6 3. d4 cxd4 4. Nxd4 Nf6 5. Nc3 a6 6. Be2 e5 7. Nb3 Be7 8. O-O O-O 9. Be3 Be6 10. Bf3 Nbd7 11. a4 Qc7 12. a5 Rac8 13. Re1 h6 14. h3 Rfe8 15. Re2 Nh7 16. Rd2 Ng5 17. Bg4 1/2-1/2

[Event "56th Biel Festival MTO 2023"]
[White "Samadov,Read"]
[Black "Nguyen,Ngoc Truong Son"]
[Site "Biel"]
[Round "9.5"]
[Annotator "RC"]
[Result "1/2-1/2"]
[Date "2023.07.27"]
[WhiteElo "2482"]
[BlackElo "2645"]
[PlyCount "30"]
[TimeControl "60"]

1. d4 Nf6 2. c4 e6 3. Nf3 Bb4+ 4. Nbd2 b6 5. a3 Bxd2+ 6. Bxd2 Bb7 7. e3 O-O 8. Bd3 Ne4 9. O-O d6 10. Bc1 f5 11. Qe1 Nd7 12. b3 Qf6 13. Nd2 Rae8 14. f3 Ng5 15. Bb2 c5 1/2-1/2

[Event "56th Biel Festival MTO 2023"]
[White "Shlyakhtenko,Robert"]
[Black "Quesada Perez,Luis Ernesto"]
[Site "Biel"]
[Round "9.6"]
[Annotator "ChessBase"]
[Result "1-0"]
[Date "2023.07.27"]
[WhiteElo "2401"]
[BlackElo "2553"]
[PlyCount "51"]
[TimeControl "60"]

1. d4 Nf6 2. c4 e6 3. Nc3 Bb4 4. a3 Bxc3+ 5. bxc3 b6 6. f3 Nc6 7. e4 d6 8. Bd3 Na5 9. Bg5 h6 10. Bh4 Ba6 11. f4 Qd7 12. e5 Ng8 13. Qe2 Ne7 14. Nf3 Ng6 15. O-O d5 16. cxd5 Nxf4 17. Qe4 Bxd3 18. Qxf4 Bxf1 19. dxe6 fxe6 20. Rxf1 g5 21. Nxg5 hxg5 22. Qf6 Rg8 23. Bxg5 Rc8 24. Qh6 Qd5 25. Rf7 Nc6 26. Rh7 1-0

[Event "56th Biel Festival MTO 2023"]
[White "Harikrishnan.A.Ra"]
[Black "Albornoz Cabrera,Carlos Daniel"]
[Site "Biel"]
[Round "9.7"]
[Annotator "ChessBase"]
[Result "1/2-1/2"]
[Date "2023.07.27"]
[WhiteElo "2406"]
[BlackElo "2591"]
[PlyCount "55"]
[TimeControl "60"]

1. d4 Nf6 2. c4 e6 3. Nf3 d5 4. g3 Bb4+ 5. Bd2 a5 6. Bg2 O-O 7. Qc2 c5 8. cxd5 cxd4 9. Nxd4 Qb6 10. e3 exd5 11. O-O Nc6 12. Nxc6 bxc6 13. Rc1 Rb8 14. Bxb4 Qxb4 15. b3 h5 16. Nd2 Bd7 17. Nf3 Rfc8 18. Ne5 Qd6 19. Nxd7 Qxd7 20. Qd2 Qa7 21. Rc2 a4 22. Rac1 axb3 23. axb3 Rxb3 24. Rxc6 Rxc6 25. Rxc6 Rb1+ 26. Rc1 Qa1 27. Rxb1 Qxb1+ 28. Bf1 1/2-1/2

[Event "56th Biel Festival MTO 2023"]
[White "Meshkovs,Nikita"]
[Black "Deuer,Marius"]
[Site "Biel"]
[Round "9.8"]
[Annotator "ChessBase"]
[Result "1/2-1/2"]
[Date "2023.07.27"]
[WhiteElo "2565"]
[BlackElo "2374"]
[PlyCount "60"]
[TimeControl "60"]

1. c4 Nf6 2. Nf3 c5 3. d4 cxd4 4. Nxd4 Nc6 5. Nc3 e6 6. a3 Be7 7. g3 Qb6 8. Ndb5 Ne5 9. Bg2 a6 10. Na4 Qa5+ 11. Nbc3 Qc7 12. Bf4 d6 13. c5 dxc5 14. Bxe5 Qxe5 15. Nb6 Rb8 16. Nxc8 Rxc8 17. Bxb7 Rb8 18. Qa4+ Kf8 19. Qxa6 g6 20. a4 Kg7 21. a5 c4 22. O-O h5 23. Qc6 h4 24. a6 hxg3 25. hxg3 Nd5 26. Kg2 Qf5 27. Qxc4 Qh3+ 28. Kf3 Qf5+ 29. Kg2 Qh3+ 30. Kf3 Qf5+ 1/2-1/2

[Event "56th Biel Festival MTO 2023"]
[White "Huston,Gus"]
[Black "Saraci,Nderim"]
[Site "Biel"]
[Round "9.9"]
[Annotator "ChessBase"]
[Result "1/2-1/2"]
[Date "2023.07.27"]
[WhiteElo "2341"]
[BlackElo "2472"]
[PlyCount "120"]
[TimeControl "60"]

1. d4 Nf6 2. c4 e6 3. Nf3 c5 4. g3 cxd4 5. Nxd4 d5 6. Bg2 e5 7. Nf3 d4 8. O-O Nc6 9. e3 Be7 10. exd4 exd4 11. Bf4 O-O 12. Ne5 Nxe5 13. Bxe5 d3 14. Nc3 Ng4 15. Bf4 Bf6 16. Nd5 Bxb2 17. Rb1 Be5 18. Qxd3 Bxf4 19. gxf4 Nf6 20. Qd4 Nxd5 21. cxd5 Qd6 22. Rfe1 b6 23. Qe5 Qg6 24. Rb3 Bd7 25. Rg3 Qh6 26. Ree3 Rac8 27. h3 Rfe8 28. Qd4 Kf8 29. Rxe8+ Bxe8 30. Rc3 Rxc3 31. Qxc3 Qxf4 32. Qa3+ Kg8 33. Qe7 Qc1+ 34. Bf1 Qc8 35. Qxa7 Qd8 36. Bg2 Qd6 37. Qb7 Kf8 38. a4 Bxa4 39. Qa8+ Be8 40. Bf1 Ke7 41. Qb7+ Bd7 42. Bb5 Qg6+ 43. Kh2 Qf5 44. d6+ Kxd6 45. Qxb6+ Ke7 46. Qe3+ Be6 47. Bd3 Qa5 48. h4 h6 49. Qd4 g6 50. Kg3 h5 51. Kf4 Qc7+ 52. Kg5 Qa5+ 53. Kh6 Qd5 54. Qxd5 Bxd5 55. Kg5 Bc6 56. Kf4 Kf6 57. Kg3 Bd7 58. f4 Bf5 59. Bc4 Be6 60. Bd3 Bf5 1/2-1/2

[Event "56th Biel Festival MTO 2023"]
[White "Dotzer,Lukas"]
[Black "Chasin,Nico"]
[Site "Biel"]
[Round "9.10"]
[Annotator "ChessBase"]
[Result "0-1"]
[Date "2023.07.27"]
[WhiteElo "2369"]
[BlackElo "2455"]
[PlyCount "84"]
[TimeControl "60"]

1. e4 c5 2. Nf3 e6 3. d4 cxd4 4. Nxd4 Nc6 5. Nc3 Qc7 6. Be3 a6 7. Qf3 Ne5 8. Qg3 h5 9. Bf4 d6 10. Bg5 f6 11. Be3 h4 12. Qh3 g5 13. Be2 Kf7 14. f4 gxf4 15. Bxf4 Ne7 16. O-O N7g6 17. Be3 Bd7 18. Rf2 Be7 19. Raf1 Raf8 20. Bg5 Kg7 21. Be3 Qc8 22. Bg4 Kf7 23. Bg5 Nxg4 24. Qxg4 Ne5 25. Qe2 Ke8 26. Be3 b5 27. a3 Rfg8 28. h3 Nc4 29. Bc1 Qc5 30. Qd3 Rg3 31. Qd1 Nxa3 32. e5 fxe5 33. Nde2 Bc6 34. Kh1 Rxh3+ 35. Kg1 Rg8 36. Nd4 exd4 37. Ne2 d3 38. Nf4 Rhg3 39. Kh2 Nxc2 40. Nxe6 Rxg2+ 41. Rxg2 Rxg2+ 42. Kh3 Qe5 0-1

[Event "56th Biel Festival MTO 2023"]
[White "Muthaiah AL"]
[Black "Nie,Xinyang"]
[Site "Biel"]
[Round "9.11"]
[Annotator "ChessBase"]
[Result "1/2-1/2"]
[Date "2023.07.27"]
[WhiteElo "2445"]
[BlackElo "2288"]
[PlyCount "68"]
[TimeControl "60"]

1. d4 d5 2. c4 c6 3. cxd5 cxd5 4. Nc3 Nf6 5. Bf4 Nc6 6. e3 Bf5 7. Rc1 a6 8. Nf3 Rc8 9. Be2 e6 10. O-O Bd6 11. Bxd6 Qxd6 12. Na4 Nd7 13. Qb3 Rc7 14. Nc5 Nxc5 15. Rxc5 O-O 16. Rfc1 Bg4 17. Qb6 Rd7 18. Kh1 Bxf3 19. Bxf3 Qe7 20. Be2 Rd6 21. Qb3 Ra8 22. g3 g6 23. Kg2 Rd7 24. a4 Qd8 25. Qc3 Ne7 26. Bd3 Nf5 27. Bxf5 gxf5 28. b4 Kg7 29. Rc8 Rxc8 30. Qxc8 Qxc8 31. Rxc8 Rd6 32. a5 Rc6 33. h3 h6 34. Kf3 h5 1/2-1/2

[Event "56th Biel Festival MTO 2023"]
[White "Eidelman,Gabriel"]
[Black "Huang,Renjie"]
[Site "Biel"]
[Round "9.12"]
[Annotator "ChessBase"]
[Result "0-1"]
[Date "2023.07.27"]
[WhiteElo "2204"]
[BlackElo "2445"]
[PlyCount "132"]
[TimeControl "60"]

1. d4 Nf6 2. c4 g6 3. f3 c5 4. d5 e6 5. Nc3 d6 6. e4 exd5 7. cxd5 a6 8. a4 Bg7 9. Nge2 O-O 10. Ng3 Nbd7 11. Be2 Rb8 12. O-O Ne8 13. Be3 Nc7 14. f4 b5 15. e5 bxa4 16. Nce4 dxe5 17. f5 Nf6 18. fxg6 hxg6 19. Bxc5 Nxe4 20. Nxe4 Re8 21. Nd6 Bf8 22. Ne4 Bxc5+ 23. Nxc5 Qxd5 24. Qxd5 Nxd5 25. Bc4 Nf4 26. Rae1 Bf5 27. Nxa6 Rbc8 28. Bb5 Re6 29. Bd7 Rxa6 30. Bxc8 Bxc8 31. Rxe5 Ne6 32. Rb5 Bd7 33. Rb8+ Kg7 34. Rd1 Ra7 35. Rc1 Nf4 36. Rc4 Nd5 37. Kf2 Be6 38. Rd4 Kf6 39. Rd2 Ne7 40. Rb6 Kg7 41. Rbd6 Ra5 42. R6d4 Nc6 43. Re4 Bb3 44. g4 Ne5 45. Kg3 Nc4 46. Rf2 Rd5 47. h4 Rd1 48. h5 Nd6 49. Re5 Rd4 50. hxg6 Kxg6 51. Rf4 Rd2 52. g5 Kg7 53. Rf6 Nc4 54. Re7 Nxb2 55. Ra6 Rd1 56. Kh2 Rd5 57. g6 Rh5+ 58. Kg3 Rg5+ 59. Kf4 Rxg6 60. Rxg6+ Kxg6 61. Re3 Nc4 62. Rc3 f6 63. Rg3+ Kf7 64. Rc3 Ke6 65. Ke4 a3 66. Rxb3 a2 0-1

[Event "56th Biel Festival MTO 2023"]
[White "Joly,Julien"]
[Black "Seul,Georg"]
[Site "Biel"]
[Round "9.13"]
[Annotator "ChessBase"]
[Result "0-1"]
[Date "2023.07.27"]
[WhiteElo "2249"]
[BlackElo "2376"]
[PlyCount "37"]
[TimeControl "60"]

1. d4 Nf6 2. c4 e6 3. g3 Bb4+ 4. Bd2 c5 5. Bxb4 cxb4 6. Bg2 O-O 7. e3 d6 8. Ne2 Nc6 9. O-O e5 10. h3 Re8 11. a3 Qb6 12. axb4 Nxb4 13. Na3 Bf5 14. c5 dxc5 15. dxe5 Rad8 16. Qa4 Bd3 17. Nf4 Bxf1 18. Rxf1 Nd7 19. Rc1 0-1

[Event "56th Biel Festival MTO 2023"]
[White "Wessman,Richard"]
[Black "Yuffa,Daniil"]
[Site "Biel"]
[Round "9.14"]
[Annotator "ChessBase"]
[Result "0-1"]
[Date "2023.07.27"]
[WhiteElo "2410"]
[BlackElo "2603"]
[PlyCount "44"]
[TimeControl "60"]

1. d4 Nf6 2. c4 g6 3. Nc3 Bg7 4. g3 c5 5. dxc5 Qa5 6. Bg2 Qxc5 7. Be3 Qa5 8. Nh3 Nc6 9. O-O O-O 10. Nf4 d6 11. a3 Bf5 12. b4 Qd8 13. Rc1 Qd7 14. Qa4 Ng4 15. Bd2 a5 16. b5 Nd4 17. h3 Ne5 18. Be3 Bc2 19. Rxc2 Nxc2 20. Qxc2 Nxc4 21. Bc1 Rfc8 22. Qe4 Bxc3 0-1

[Event "56th Biel Festival MTO 2023"]
[White "Morawietz,Dieter"]
[Black "Rodrigue-Lemieux,Shawn"]
[Site "Biel"]
[Round "9.15"]
[Annotator "ChessBase"]
[Result "0-1"]
[Date "2023.07.27"]
[WhiteElo "2396"]
[BlackElo "2495"]
[PlyCount "69"]
[TimeControl "60"]

1. e4 c6 2. d4 d5 3. exd5 cxd5 4. Bf4 Nc6 5. Nf3 Bf5 6. Bb5 Qb6 7. c4 a6 8. Bxc6+ bxc6 9. cxd5 Qxb2 10. O-O cxd5 11. Nbd2 Nf6 12. Rc1 e6 13. Nb3 Be7 14. Ne5 O-O 15. g4 Bg6 16. h4 h5 17. Bg5 Rac8 18. Nxg6 fxg6 19. Qd3 Rxc1 20. Bxc1 Qxa2 21. g5 Ne4 22. f3 Bd6 23. Nd2 Nxd2 24. Bxd2 Kh7 25. Re1 Re8 26. Re2 Qa4 27. Kg2 Qb5 28. Qe3 e5 29. Bc3 e4 30. Rb2 Qd7 31. Bb4 exf3+ 32. Qxf3 Rf8 33. Qh3 Qxh3+ 34. Kxh3 Rb8 35. Bc3 0-1